 Dungeon Crawl Stone Soup version 0.32-a0-834-geaf45d8e21 (webtiles) character file.

Game seed: 687831038423881908

21 AstroCodex24 the Trooper (level 2, 0/23 (24) HPs)
             Began as a Vampire Fighter on Mar 26, 2024.
             Slain by a rat (3 damage)
             ... on level 2 of the Dungeon.
             The game lasted 00:01:38 (344 turns).

AstroCodex24 the Trooper (Vampire Fighter)           Turns: 344, Time: 00:01:39

HP:   0/23 (24)     AC:  6    Str: 15    XL:     2   Next: 62%
MP:   2/2           EV:  7    Int: 10    God:
Gold: 50            SH:  4    Dex: 13    Spells: 1/1 levels left

rFire   . . .        f - +0 whip
rCold   . . .        c - +0 buckler
rNeg    . . .        b - +0 scale mail
rPois   .            (no helmet)
rElec   .            (no cloak)
rCorr   .            (no gloves)
SInv    +            (no boots)
Will    .....        (no amulet) Stlth
                     (no ring)
HPRegen 0.43/turn    (no ring)
MPRegen 0.08/turn

%: no passive effects
@: healing quickly, lightly drained
A: alive, fangs 3, see invisible, vampiric 1
a: Exsanguinate


You were on level 2 of the Dungeon.
You visited 1 branch of the dungeon, and saw 2 of its levels.

You collected 50 gold pieces.

Inventory:

Hand Weapons
 a - a +0 war axe
 f - a +0 whip (weapon)
Armour
 b - a +0 scale mail (worn)
 c - a +0 buckler (worn)
Jewellery
 e - an amulet of reflection
Scrolls
 g - a scroll of identify {unknown}
 k - a scroll of enchant armour {unknown}
Potions
 d - a potion of might
 h - a potion of heal wounds {unknown}
 i - a potion of attraction {unknown}
 j - a potion of magic {unknown}


   Skills:
 + Level 3.0 Fighting
 + Level 1.9 Axes
 + Level 0.1(1.0) Maces & Flails
 + Level 2.6 Armour
 + Level 2.9 Shields


You had one spell level left.
You didn't know any spells.
Your spell library was empty.

Dungeon Overview and Level Annotations

Branches:
Dungeon (2/15)

Altars:


Innate Abilities, Weirdness & Mutations

Your natural rate of healing is accelerated.
You have razor-sharp teeth.
You have supernaturally acute eyesight. (SInv)
You are afflicted with vampirism.


Message History

The quokka completely misses you. The rat bites you but does no damage.
The kobold completely misses you. The ribbon worm barely misses you.
The quokka bites you.
You barely miss the ribbon worm.
The ribbon worm is lightly wounded.
The rat bites you. The kobold hits you but does no damage.
The ribbon worm bites you but does no damage.
The quokka bites you.
You hit the ribbon worm.
The ribbon worm is moderately wounded.
The rat barely misses you. The kobold hits you but does no damage.
The quokka bites you.
The ribbon worm bites you but does no damage.
The kobold closely misses you. The rat bites you but does no damage.
You hit the ribbon worm.
The ribbon worm is moderately wounded.
The quokka closely misses you. You block the ribbon worm's attack.
The rat closely misses you. The kobold hits you but does no damage.
You block the quokka's attack.
You hit the ribbon worm. You bite the ribbon worm.
The ribbon worm is heavily wounded.
You block the quokka's attack. The rat barely misses you.
The kobold hits you but does no damage.
The ribbon worm expels a string of sticky webbing.
The stream of webbing hits you but does no damage.
You are caught in a web!
The web tears apart.
The quokka bites you. The rat bites you but does no damage.
The kobold hits you with a +0 dagger.
You barely miss the ribbon worm.
You bite the ribbon worm, but do no damage.
The ribbon worm is heavily wounded.
The quokka closely misses you. The ribbon worm bites you.
* * * LOW HITPOINT WARNING * * *
The rat barely misses you. The kobold completely misses you.
You completely miss the ribbon worm.
The ribbon worm is heavily wounded.
You block the quokka's attack. The ribbon worm bites you.
* * * LOW HITPOINT WARNING * * *
The rat bites you.
You die...

#. ##.## #.
##...## #. #.....
#. #....
#.#######)#.# ###
#......##.#.##
.... #.........w.#
###.##.........r@#
...........##..rK#
#.###......###.>.#
#.# #.####.....!.#
#.###...######..(#
#.......# #...#
...#.#..# #....
#..#....# #...##
#..##.....


You could see a ribbon worm, a quokka, a kobold and a rat.

Vanquished Creatures
  A gnoll (D:1)
  An adder (D:2)
  A kobold (D:2)
  A spectral kobold (D:2)
4 creatures vanquished.

Notes
Turn   | Place    | Note
-------+----------+-------------------------------------------
     0 | D:1      | AstroCodex24 the Vampire Fighter began the quest for the
                  | Orb.
     0 | D:1      | Reached XP level 1. HP: 17/17 MP: 1/1
    27 | D:1      | Reached XP level 2. HP: 17/23 MP: 2/2
   258 | D:2      | Found a faded altar of an unknown god.
   282 | D:2      | Reached skill level 3 in Fighting
   344 | D:2      | Slain by a rat

Illustrated notes

Levels and vault maps discovered:
D:1:      minmay_arrival_semitransparent, layout_rooms, serial_shops,
          nicolae_shop_trees, minmay_box_of_dots
D:2:      layout_loops_cross, dreamdust_ecumenical_altar_drowned_temple

Skill      XL: |  1  2 |
---------------+-------+-----
Fighting       | 3 |  3.0
Axes           | |  1.9
Maces & Flails | |  0.1
Armour         | |  2.6
Shields        | |  2.9

Action                     || total
---------------------------++-------
  Melee: War axe           ||     3
         Whip              ||    31
         Bite              ||     4
 Armour: Scale mail        ||    46
  Dodge: Dodged            ||    28
  Block: Buckler           ||    12

Table legend: (Time is in decaauts)
 A = Elapsed time spent in this place.
 B = Non-inter-level travel time spent in this place.
 C = Inter-level travel time spent in this place.
 D = Time resting spent in this place.
 E = Time spent auto-exploring this place.
 F = Levels seen in this place.
 G = Mean time per level.
                   A        B        C        D        E       F      G
               +--------+--------+--------+--------+--------+-----+--------+
         Total |    350 |    338 |     12 |      0 |      0 |   2 |  175.0 |
       Dungeon |    350 |    338 |     12 |      0 |      0 |   2 |  175.0 |
               +--------+--------+--------+--------+--------+-----+--------+

Top non-repeatable levels by time:
     D:2: 314 daAuts
     D:1: 36 daAuts
